 Dungeon Crawl Stone Soup version 0.31.0-11-ge490571c62 (webtiles) character file.

Game seed: 4181433137951943009

65 qw the Shooter (level 3, 0/18 HPs)
             Began as a Spriggan Hunter on Feb 4, 2024.
             Succumbed to an adder's poison
             ... on level 2 of the Dungeon.
             The game lasted 00:00:04 (1202 turns).

qw the Shooter (Spriggan Hunter)                    Turns: 1202, Time: 00:00:04

Health: 0/18       AC:  2    Str:  7    XL:     3   Next: 94%
Magic:  4/4        EV: 19    Int: 10    God:
Gold:   36         SH:  0    Dex: 20    Spells: 2/2 levels left

rFire   . . .        a - +0 shortbow
rCold   . . .        (shield currently unavailable)
rNeg    . . .        c - +0 robe
rPois   .            (helmet restricted)
rElec   .            (no cloak)
rCorr   .            (gloves unavailable)
SInv    +            (boots unavailable)
Will    .....        (no amulet)
Stlth   ++           (no ring)
HPRegen 0.23/turn    (no ring)
MPRegen 0.09/turn

%: no passive effects
@: lethally poisoned (0 -> -2), very quick
A: very small, no large weapons, unfitting armour, see invisible, speed 3
a: no special abilities


You were on level 2 of the Dungeon.
You visited 1 branch of the dungeon, and saw 2 of its levels.

You collected 36 gold pieces.


Innate Abilities, Weirdness & Mutations

You are very small and have problems with some larger weapons.
You are too small for most types of armour.
You have supernaturally acute eyesight. (SInv)
You cover ground extremely quickly. (Speed+++)


   Skills:
 - Level 1.5 Fighting
 - Level 5.1 Ranged Weapons
 + Level 4.0 Dodging
 - Level 1.5 Stealth


You had 2 spell levels left.
You didn't know any spells.
Your spell library was empty.

Inventory:

Hand Weapons
 a - a +0 shortbow (weapon)
Armour
 c - a +0 robe (worn)
Scrolls
 i - 2 scrolls of identify {unknown}
Potions
 b - a potion of lignification {unknown}
 d - a potion of attraction {unknown}
 e - a potion of haste
 f - a potion of might {unknown}
 g - 3 potions of curing {unknown}
 h - a potion of mutation {unknown}
 j - a potion of heal wounds {unknown}
 k - a potion of enlightenment {unknown}

Dungeon Overview and Level Annotations

Branches:
Dungeon (2/15)

Altars:

Shops:
D:1 ?


Message History

An adder comes into view.
Found 12 gold pieces.
You shoot an arrow. The arrow hits the adder!
The adder is severely wounded.
You hear an angry hiss.
An adder comes into view.
You shoot an arrow. The adder hisses angrily.
The arrow hits the adder but does no damage.
The adder is severely wounded.
The adder misses you.
You shoot an arrow. The arrow barely misses the adder.
A bat comes into view.
The adder barely misses you. x2
You shoot an arrow. The arrow closely misses the adder.
You shoot an arrow. The arrow closely misses the adder.
The adder closely misses you. The adder barely misses you. x2
You shoot an arrow. The arrow hits the adder!
You kill the adder!
The adder barely misses you. The adder bites you.
You are poisoned.
The adder poisons you!
You shoot an arrow. The arrow hits the adder.
The adder is heavily wounded.
You feel sick. The adder bites you.
You are more poisoned.
The adder poisons you!
You shoot an arrow. The arrow barely misses the adder.
You feel sick. The adder misses you. The adder bites you.
You shoot an arrow. The arrow misses the adder.
You feel sick. The adder closely misses you.
You shoot an arrow. The arrow hits the adder.
The adder is almost dead.
You feel sick. The adder barely misses you. The adder bites you.
You shoot an arrow. The arrow hits the adder!
You kill the adder!
You feel sick. The bat misses you. x2
Your Ranged Weapons skill increases to level 5!
You shoot an arrow. The arrow closely misses the bat.
You die...

.#######.# #.#
###.########># #
#............# #.
#.#.####....%# .##
#.#..........# $.
##.######.....# . #.
##...## ##....#
....##b##.....# ##....
......%@......########.#
#########..............#
##...########### #####


You could see a bat.

Vanquished Creatures
  2 adders (D:2)
  4 bats
  3 endoplasms (D:1)
  2 giant cockroaches (D:2)
  4 goblins
  5 hobgoblins (D:1)
  2 quokkas (D:1)
  5 ball pythons
  4 frilled lizards
  8 kobolds
  5 rats (D:1)
44 creatures vanquished.

Notes
Turn   | Place    | Note
-------+----------+-------------------------------------------
     0 | D:1      | qw the Spriggan Hunter began the quest for the Orb.
     0 | D:1      | Reached XP level 1. HP: 10/10 MP: 2/2
     0 | D:1      | 0 ||| qw: Version: 0.3-a-160-g6735b56
     0 | D:1      | 0 ||| qw: Game counter: 5188
     0 | D:1      | 0 ||| qw: Melee chars always use a shield: true
     0 | D:1      | 0 ||| qw: God list: Okawaru
     0 | D:1      | 0 ||| qw: Allow faded altars: false
     0 | D:1      | 0 ||| qw: Do Orc after clearing Dungeon:15 true
     0 | D:1      | 0 ||| qw: Do second Lair branch before Depths: true
     0 | D:1      | 0 ||| qw: Lair rune preference: random
     0 | D:1      | 0 ||| qw: Goals: Normal
     0 | D:1      | 0 ||| PLANNING D:1-11
   105 | D:1      | Reached skill level 3 in Dodging
   263 | D:1      | Found Ompeuzea's Magic Scroll Shoppe.
   268 | D:1      | Reached XP level 2. HP: 14/14 MP: 3/3
   273 | D:1      | 273 ||| SHOPLISTING scroll of teleportation (36 gold, have
                  | 17).
   642 | D:1      | Reached XP level 3. HP: 18/18 MP: 4/4
   799 | D:1      | 799 ||| READING scroll labelled FEX JEESURCHY.
   803 | D:1      | 803 ||| READING scroll labelled ECEOTARYVO.
   804 | D:1      | 804 ||| READING 2 scrolls labelled BUWNEM SOUF.
   905 | D:1      | 905 ||| DRINKING 2 sedimented grey potions.
   906 | D:1      | 906 ||| DROPPING scroll of butterflies.
   907 | D:1      | 907 ||| DROPPING scroll of vulnerability.
   925 | D:2      | 925 ||| STAIRDANCE
  1200 | D:2      | HP: 4/18 [poisoned by an adder]
  1201 | D:2      | HP: 1/18 [poisoned by an adder]
  1202 | D:2      | Reached skill level 5 in Ranged Weapons
  1202 | D:2      | Succumbed to an adder's poison

Levels and vault maps discovered:
D:1:      minmay_arrival_widening_spiral_wide, layout_basic, serial_shops, shop,
          feat_on_display
D:2:      layout_loops_ring, corexii_corridor_pit, st_stairs_13,
          minmay_tetromino_o4, uniq_crazy_yiuf_cottage, uniq_robin

Skill      XL: |  1  2  3 |
---------------+----------+-----
Dodging        | 3 4 |  4.0
Ranged Weapons | 5 |  5.1
Fighting       | |  1.5
Stealth        | |  1.5

Action                     || total
---------------------------++-------
   Fire: Shortbow          ||   102
    Use: Scroll            ||     3
         Potion            ||     1
 Armour: Robe              ||    10
  Dodge: Dodged            ||    31

Table legend:
 A = Non-vault XP
 B = Vault XP
 C = Vault XP percentage of total XP
 D = Non-vault monster count
 E = Vault monster count
 F = Vault count percentage of total count
                 A         B        C        D         E       F
            +---------+---------+-------+---------+---------+-------
      Total |      62 |      32 |  34.0 |      40 |       4 |   9.1
            +---------+---------+-------+---------+---------+-------
        D:1 |      46 |       0 |   0.0 |      29 |       0 |   0.0
        D:2 |      16 |      32 |  66.7 |      11 |       4 |  26.7
            +---------+---------+-------+---------+---------+-------
